 Dungeon Crawl Stone Soup version 0.17.1-2-g5865329 (webtiles) character file.

310 Peloso the Shield-Bearer (level 6, -9/53 HPs)
             Began as a Minotaur Fighter on Jan 16, 2016.
             Was a Follower of Okawaru.
             Killed by nerve-wracking pain
             ... invoked by Grinder
              (14 damage)
             ... on level 4 of the Dungeon.
             The game lasted 00:09:15 (2889 turns).

Peloso the Shield-Bearer (Minotaur Fighter)         Turns: 2889, Time: 00:09:15

Health: -9/53      AC: 10    Str: 22    XL:     6   Next: 18%
Magic:  5/5        EV:  6    Int:  5    God:    Okawaru [*.....]
Gold:   269        SH: 10    Dex: 11    Spells: 0 memorised, 5 levels left

rFire  . . .     SeeInvis .     g - +1 hunting sling of Fate {venom, rPois Str+4} (curse)
rCold  . . .     Clarity  .     o - +1 chain mail
rNeg   . . .     SustAt   .     c - +0 shield
rPois  +         Gourm    .     (helmet restricted)
rElec  .         Spirit   .     (no cloak)
rCorr  .         Warding  .     (no gloves)
rMut   .         Stasis   .     (no boots)
MR     .....                    (no amulet)
Stlth  ..........               s - -3 ring of strength (curse)
                                f - ring of poison resistance

@: not resistant to hostile enchantments, extremely unstealthy
A: retaliatory headbutt, horns 2
a: Heroism, Renounce Religion


You were on level 4 of the Dungeon.
You worshipped Okawaru.
Okawaru was aware of your devotion.
You were very hungry.

You visited 1 branch of the dungeon, and saw 4 of its levels.

You collected 269 gold pieces.

Inventory:

Hand Weapons
 a - a +1 long sword
 g - the cursed +1 hunting sling of Fate (weapon) {venom, rPois Str+4}
   (You found it on level 4 of the Dungeon)

   It poisons the ammo it fires.
   It affects your strength (+4).
   It protects you from poison.
   It has a curse placed upon it.
 t - the +10 hand axe of Fragile Peace {freeze, rPois rF+ MR+ SInv, unknown}
   (You found it on level 4 of the Dungeon)

   It has been specially enchanted to freeze those struck by it, causing extra
   injury to most foes and up to half again as much damage against particularly
   susceptible opponents.
   It can also slow down cold-blooded creatures.
   It protects you from fire.
   It protects you from poison.
   It affects your resistance to hostile enchantments.
   It lets you see invisible.
Missiles
 n - 11 sling bullets (quivered)
Armour
 c - a +0 shield (worn)
 o - a +1 chain mail (worn)
Jewellery
 f - a ring of poison resistance (left hand)
 k - an uncursed ring of protection from magic
 s - a cursed -3 ring of strength (right hand)
Scrolls
 b - 2 scrolls of teleportation
 j - 3 scrolls of enchant armour
 p - a scroll of magic mapping {unknown}
 u - a scroll of fear
Potions
 d - 4 potions of might
 i - 2 potions of magic
 l - 2 potions of curing {unknown}
 m - a potion of brilliance {unknown}
Books
 v - Sif Muna's Tome of Attacks and Good Luck
   (You found it on level 4 of the Dungeon)

   Spells                             Type                      Level
   a - Shock                          Conjuration/Air              1
   b - Regeneration                   Charms/Necromancy            3
   c - Warp Weapon                    Charms/Translocation         5
   d - Iskenderun's Battlesphere      Conjuration/Charms           5
   e - Lightning Bolt                 Conjuration/Air              5
Comestibles
 e - 2 bread rations
 h - 2 fruits
 q - 2 meat rations


   Skills:
 + Level 4.4 Fighting
 + Level 3.9 Long Blades
 + Level 1.3 Slings
 + Level 5.1 Armour
 + Level 1.8 Dodging
 + Level 0.1 Stealth
 + Level 5.4 Shields


You had 5 spell levels left.
You didn't know any spells.

Dungeon Overview and Level Annotations

Branches:
Dungeon (4/15)
 Temple: D:4-7

Altars:
Dithmenos
Okawaru

Annotations:
D:4 Grinder


Innate Abilities, Weirdness & Mutations

You reflexively headbutt those who attack you in melee.
You have a pair of horns on your head.


Message History

Grinder is heavily wounded.
Grinder hits you but does no damage.
Unknown command.
You closely miss Grinder.
Grinder is heavily wounded.
Grinder hits you.
You writhe in agony.
Grinder gestures at you. Pain shoots through your body!
* * * LOW HITPOINT WARNING * * *
Unknown command.
Your shield prevents you from hitting Grinder.
Your headbutt misses Grinder.
Grinder is heavily wounded.
Grinder barely misses you.
Unknown command.
Drink which item? (? for menu, Esc to quit)
It was a potion of magic.
Magic courses through your body. Grinder gestures at you.
Pain shoots through your body!
You die...

..##.###..........#.......#.#
####.# #..........#.#.......#
## #.# #..........#.#.#######
.###.###.....(....#.#.#
..##...........####.#.#
...###########(####.#.#
#....#........((....#.#
##.#.#.........5#####.#######
#.(#.#..........@.###.##....#
...#.#................##....#
.)##.#..........#.######<...#
..##.#.................#....#
#.##.#............###.......#
..##.####.........# #.......#
####.# #.######.## #.......#
....)# #.#....#.# #.......#
.....# #...(..#.# #.......#


You could see Grinder.

Vanquished Creatures
  An ogre (D:4)
  A scorpion (D:4)
  A hound (D:4)
  A giant frog skeleton (D:4)
  Natasha (twice) (D:4)
  4 adders
  A worm (D:3)
  A giant gecko (D:2)
  3 orcs
  A ball python (D:2)
  2 bats
  2 giant cockroaches
  5 goblins
  2 hobgoblins
  9 jackals
  A giant gecko skeleton (D:4)
  3 giant newts
  2 kobolds
  4 rats
46 creatures vanquished.

Notes
Turn   | Place    | Note
--------------------------------------------------------------
     0 | D:1      | Peloso the Minotaur Fighter began the quest for the Orb.
     0 | D:1      | Reached XP level 1. HP: 19/19 MP: 0/0
   658 | D:1      | Reached XP level 2. HP: 25/27 MP: 1/1
   882 | D:2      | Reached skill level 4 in Fighting
   945 | D:2      | Found a shadowy altar of Dithmenos.
  1282 | D:3      | Reached XP level 3. HP: 23/33 MP: 2/2
  1918 | D:4      | Reached XP level 4. HP: 36/40 MP: 3/3
  2087 | D:4      | Got a crystal hunting sling
  2088 | D:4      | Identified the cursed +1 hunting sling of Fate {venom, rPois Str+4} (You found it on level 4 of the Dungeon)
  2140 | D:4      | Noticed Grinder
  2152 | D:4      | Paralysed by Grinder for 2 turns
  2235 | D:4      | Found an iron altar of Okawaru.
  2240 | D:4      | Became a worshipper of Warmaster Okawaru
  2242 | D:4      | Got a smoking hand axe
  2248 | D:4      | Noticed an ogre
  2255 | D:4      | Killed an ogre
  2255 | D:4      | Reached skill level 1 in Dodging
  2255 | D:4      | Reached skill level 5 in Shields
  2255 | D:4      | Reached XP level 5. HP: 46/46 MP: 4/4
  2425 | D:4      | Identified Sif Muna's Tome of Attacks and Good Luck
  2439 | D:4      | Noticed Natasha
  2447 | D:4      | Killed Natasha
  2583 | D:4      | Reached skill level 5 in Armour
  2819 | D:4      | Noticed a scorpion
  2825 | D:4      | Killed a scorpion
  2825 | D:4      | Reached * piety under Okawaru
  2825 | D:4      | Reached skill level 1 in Slings
  2825 | D:4      | Reached XP level 6. HP: 53/53 MP: 5/5
  2863 | D:4      | Noticed Natasha
  2865 | D:4      | Paralysed by Grinder for 4 turns
  2871 | D:4      | Killed Natasha
  2881 | D:4      | Paralysed by Grinder for 5 turns
  2889 | D:4      | Killed from afar by Grinder

Action                   |  1- 3 |  4- 6 || total
-------------------------+-------+-------++-------
Melee: Long sword        |   118 |       ||   118
       Hunting sling     |       |    34 ||    34
 Fire: Hunting sling     |       |    38 ||    38
  Use: Scroll            |     6 |       ||     6
       Potion            |       |     1 ||     1
  Eat: Chunk             |     3 |     2 ||     5
